 Dungeon Crawl Stone Soup version 0.15.0-18-g9076a4f (webtiles) character file.

83 Kex the Ruffian (level 4, -2/44 HPs)
             Began as a Troll Monk on Sept 6, 2014.
             Slain by chipmonk's ghost (11 damage)
             ... on Level 3 of the Dungeon.
             The game lasted 00:06:26 (1875 turns).

Kex the Ruffian (Troll Monk)                        Turns: 1875, Time: 00:06:26

HP  -2/44        AC  6     Str 19      XL: 4   Next: 22%
MP   2/2         EV 11     Int  6      God:
Gold 102         SH  0     Dex 13      Spells:  0 memorised,  3 levels left

rFire  . . .     SeeInvis +       - Unarmed
rCold  . . .     Clarity  .     a - +0 robe
rNeg   . . .     rCorr    .     (shield restricted)
rPois  .         rRot     .     (helmet restricted)
rElec  .         Spirit   .     e - +0 cloak
SustAb .         Warding  .     (gloves unavailable)
rMut   +         Stasis   .     (boots unavailable)
Gourm  +                        k - amulet of resist mutation
MR     .....                    (no ring)
                                p - ring of see invisible

@: not resistant to hostile enchantments, very unstealthy
A: unfitting armour, claws 3, fast metabolism 3, gourmand, regeneration 2,
saprovore 2, shaggy fur 1, tough skin 2
a: no special abilities


You were on level 3 of the Dungeon.
You were very full.

You visited 1 branch of the dungeon, and saw 3 of its levels.

You collected 102 gold pieces.

Inventory:

Armour
 a - a +0 robe (worn)
 e - a +0 cloak (worn)
Comestibles
 b - 3 meat rations
 c - 4 fruits
 f - 2 bread rations
 h - 2 rotting chunks of orc flesh
 l - 3 rotting chunks of orc flesh
 q - 2 rotting chunks of jackal flesh
 s - a chunk of jackal flesh
Scrolls
 g - a scroll of enchant armour {unknown}
 j - a scroll of fog {unknown}
 m - a scroll of magic mapping {unknown}
 n - a scroll of teleportation {unknown}
 o - 3 scrolls of identify {unknown}
 t - a scroll of amnesia {unknown}
Jewellery
 k - an amulet of resist mutation (around neck)
 p - a ring of see invisible (left claw)
Potions
 d - a potion of brilliance {unknown}
 r - a potion of heal wounds {unknown}
 u - a potion of experience {unknown}


   Skills:
 + Level 2.8 Fighting
 + Level 2.9 Dodging
 + Level 1.1 Stealth
 + Level 5.0 Unarmed Combat


You had 3 spell levels left.
You didn't know any spells.

Dungeon Overview and Level Annotations

Branches:
Dungeon (3/15)

Altars:

Annotations:
D:3 chipmonk's ghost, average GrFi


Innate Abilities, Weirdness & Mutations

You are too large for most types of armour.
You have claws for hands.
Your metabolism is lightning-fast.
You like to eat raw meat.
You heal very quickly.
You can eat rotten meat.
You are covered in fur (AC +1).
You have very tough skin (AC +2).


Message History

You barely miss chipmonk's ghost.
Chipmonk's ghost is moderately damaged.
Chipmonk's ghost hits you but does no damage.
You closely miss chipmonk's ghost.
Chipmonk's ghost is moderately damaged.
Chipmonk's ghost hits you!
You claw chipmonk's ghost!
Chipmonk's ghost is heavily damaged.
Chipmonk's ghost hits you!
You claw chipmonk's ghost!
Chipmonk's ghost is severely damaged.
Chipmonk's ghost hits you.
You scratch chipmonk's ghost.
Chipmonk's ghost is almost destroyed.
Chipmonk's ghost hits you!
* * * LOW HITPOINT WARNING * * *
You scratch chipmonk's ghost.
Chipmonk's ghost is almost destroyed.
Chipmonk's ghost hits you!
You die...

###########
#.........#
#.#######.# #.# #.#
#.# #.#
##############.# #.###
#........@W%...# #....
#.############.# #####
#.# #........#.# #..
#.#
#.######.###########.#
#.# #.#
#...............#
##.###.#
#.#.#############
#..)...# #.#.# #
###########.#.# #
#........#.# #


You could see chipmonk's ghost.

Vanquished Creatures
  An adder (D:2)
  4 worms
  An ooze (D:2)
  4 orcs (D:3)
  6 bats
  3 hobgoblins (D:1)
  3 jackals (D:3)
  A quokka (D:2)
  A ball python (D:3)
  9 giant newts
  5 goblins
  4 kobolds
  8 rats
50 creatures vanquished.

Notes
Turn   | Place    | Note
--------------------------------------------------------------
     0 | D:1      | Kex, the Troll Monk, began the quest for the Orb.
     0 | D:1      | Reached XP level 1. HP: 22/22 MP: 1/1
   215 | D:1      | Reached XP level 2. HP: 29/29 MP: 1/1
  1071 | D:2      | Reached XP level 3. HP: 36/36 MP: 2/2
  1431 | D:3      | Reached skill level 5 in Unarmed Combat
  1436 | D:3      | Reached XP level 4. HP: 41/44 MP: 2/2
  1865 | D:3      | Noticed chipmonk's ghost (average GrFi)
  1875 | D:3      | Slain by chipmonk's ghost

Action                   |  1- 3 |  4- 6 || total
-------------------------+-------+-------++-------
Melee: Unarmed           |   104 |    19 ||   123
 Stab: Sleeping          |     1 |       ||     1
  Eat: Chunk             |    18 |     3 ||    21
